 Dungeon Crawl Stone Soup version 0.23-a0-208-gb6b040f31c (webtiles) character file.

111 PikkenKukken the Skirmisher (level 4, -1/29 HPs)
             Began as a Gargoyle Fighter on Sept 25, 2018.
             Killed from afar by an orc wizard (13 damage)
             ... with a puff of flame
             ... on level 3 of the Dungeon.
             The game lasted 00:03:15 (2024 turns).

PikkenKukken the Skirmisher (Gargoyle Fighter)      Turns: 2024, Time: 00:03:16

Health: -1/29      AC: 11    Str: 20    XL:     4   Next: 92%
Magic:  13/13      EV:  7    Int:  9    God:
Gold:   108        SH:  9    Dex:  9    Spells: 3/3 levels left

rFire    . . .     SeeInvis .   a - +0 flail
rCold    . . .     Gourm    .   c - +0 shield
rNeg     + . .     Faith    .   b - +0 scale mail
rPois    ∞         Spirit   .   (no helmet)
rElec    +         Reflect  .   (no cloak)
rCorr    .         Harm     .   (no gloves)
MR       .....                  i - +0 pair of boots
Stlth    ..........             (no amulet)
HPRegen  0.09/turn              k - ring of magical power
MPRegen  0.13/turn              (no ring)

@: no status effects
A: negative energy resistance 1, electricity resistance, unbreathing,
petrification resistance, rot immunity, AC +3
a: no special abilities


You were on level 3 of the Dungeon.
You were not hungry.

You visited 1 branch of the dungeon, and saw 3 of its levels.

You collected 108 gold pieces.

Inventory:

Hand Weapons
 a - a +0 flail (weapon)
Armour
 b - a +0 scale mail (worn)
 c - a +0 shield (worn)
 i - a +0 pair of boots (worn)
Jewellery
 k - a ring of magical power (left hand)
Potions
 d - a potion of might
 e - a potion of resistance
 g - a potion of heal wounds {unknown}
 h - a potion of mutation {unknown}
 j - a potion of cancellation
 l - a potion of haste
 n - a potion of brilliance {unknown}
Comestibles
 f - 6 rations
 m - 5 chunks of flesh


   Skills:
 + Level 3.8 Fighting
 * Level 3.3 Maces & Flails
 + Level 3.8 Armour
 + Level 1.1 Dodging
 + Level 3.7 Shields


You had 3 spell levels left.
You didn't know any spells.
Your spell library was empty.

Dungeon Overview and Level Annotations

Branches:
Dungeon (3/15)

Altars:


Innate Abilities, Weirdness & Mutations

You are resistant to torment.
Your stone body is resilient. (AC +3)
You are immune to poison.
You resist negative energy. (rN+)
You are resistant to electric shocks. (rElec)
You can survive without breathing.
You are immune to petrification.
You are immune to rotting.


Message History

The orc barely misses you.
Unknown command.
You hit the orc.
The orc is severely wounded.
The hobgoblin hits you but does no damage.
You closely miss the orc.
The orc is severely wounded.
Something hits you but does no damage. You block the hobgoblin's attack.
You block the orc's attack.
You hear some strange, mumbled words.
A magic dart appears from out of thin air!
The magic dart hits you!
The hobgoblin hits you but does no damage.
You thump the orc!
You kill the orc!
You block something's attack. The hobgoblin barely misses you.
You hear some strange, mumbled words.
A puff of flame appears from out of thin air!
The puff of flame hits you!
You die...

##....### ... ##..###
.... ##..<# ..>.
..#####..#÷##### .....
#...............
....########..##..####
##............###.#
###..##.......### #.#
......{@..##### #.#
(##.#.g####
######.#### #...o
.........÷.) ......#
########.### #....#
#.... ..... ##### .#.#
###### #. #.....
#####.###.


You could see an orc and a hobgoblin.

Vanquished Creatures
  2 adders (D:3)
  2 oozes (D:1)
  3 worms (D:2)
  2 dart slugs
  2 leopard geckos
  7 orcs (D:3)
  A giant cockroach (D:2)
  4 hobgoblins
  2 jackals (D:3)
  7 bats
  5 frilled lizards
  9 goblins
  10 kobolds
  7 rats
63 creatures vanquished.

Notes
Turn   | Place    | Note
-------+----------+-------------------------------------------
     0 | D:1      | PikkenKukken the Gargoyle Fighter began the quest for the
                  | Orb.
     0 | D:1      | Reached XP level 1. HP: 14/14 MP: 1/1
   209 | D:1      | Reached XP level 2. HP: 15/19 MP: 2/2
   435 | D:1      | Reached XP level 3. HP: 21/23 MP: 3/3
  1317 | D:2      | Reached XP level 4. HP: 23/29 MP: 4/4
  1763 | D:3      | Reached skill level 1 in Dodging
  2024 | D:3      | Killed from afar by an orc wizard

Vault maps used:
D:1:      saegor_arrival_simple_b
D:2:      minmay_pentomino_x2
D:3:      uniq_grinder

Skill      XL: |  1  2  3  4 |
---------------+-------------+-----
Maces & Flails | 3 |  3.3
Dodging        | 1 |  1.1
Fighting       | |  3.8
Armour         | |  3.8
Shields        | |  3.7

Action                   |  1- 3 |  4- 6 || total
-------------------------+-------+-------++-------
Melee: Flail             |   144 |    93 ||   237
  Use: Scroll            |     4 |     1 ||     5
  Eat: Chunk             |     1 |     3 ||     4
Armor: Scale mail        |    67 |    68 ||   135
Dodge: Dodged            |    44 |    45 ||    89
Block: Shield            |    69 |    70 ||   139

Table legend:
 A = Non-vault XP
 B = Vault XP
 C = Vault XP percentage of total XP
 D = Non-vault monster count
 E = Vault monster count
 F = Vault count percentage of total count
                 A         B        C        D         E       F
            +---------+---------+-------+---------+---------+-------
      Total |     154 |       5 |   3.1 |      61 |       2 |   3.2
            +---------+---------+-------+---------+---------+-------
        D:1 |      51 |       0 |   0.0 |      27 |       0 |   0.0
        D:2 |      36 |       5 |  12.2 |      14 |       2 |  12.5
        D:3 |      67 |       0 |   0.0 |      20 |       0 |   0.0
            +---------+---------+-------+---------+---------+-------
